 Dungeon Sprint DCSS version 0.28-a0-258-g8de209e91f (webtiles) character file.

Game seed: 12092297583335749694

497 MikeHunt the Carver (level 7, 0/62 HPs)
             Began as a Naga Fighter on Aug 26, 2021.
             Was an Initiate of Okawaru.
             Splashed by a jelly's acid (10 damage)
             ... in the Dungeon (Sprint III: "The Ten Rune Challenge").
             The game lasted 00:03:20 (710 turns).

MikeHunt the Carver (Naga Fighter)                   Turns: 710, Time: 00:03:21

Health: 0/62       AC:  5    Str: 18    XL:     7   Next: 15%
Magic:  7/7        EV:  7    Int:  8    God:    Okawaru [......]
Gold:   33         SH: 11    Dex: 13    Spells: 6/6 levels left

rFire   . . .      SeeInvis +   a - +0 long sword
rCold   . . .      Faith    .   c - +0 kite shield
rNeg    . . .      Spirit   .   b - +0 scale mail
rPois   +          Reflect  .   (no helmet)
rElec   .          Harm     .   (no cloak)
rCorr   .          Rampage  .   (no gloves)
Will    .....      NoTele   +   (no barding)
Stlth   ..........              (no amulet)
HPRegen 0.20/turn               (no ring)
MPRegen 0.10/turn               (no ring)

@: mighty, hasted, quick
A: AC +2, large, see invisible, deformed body, poison resistance, slowness 2,
spit poison 1, naga tail 1
a: Spit Poison, Renounce Religion


You were in the Dungeon.
You worshipped Okawaru.
Okawaru was noncommittal.
You visited 1 branch You collected 33 gold pieces.

Inventory:

Hand Weapons
 a - a +0 long sword (weapon)
Armour
 b - a +0 scale mail (worn)
 c - a +0 kite shield (worn)
Scrolls
 k - a scroll of identify {unknown}
 m - a scroll of holy word {unknown}
 n - a scroll of torment {unknown}
 p - 2 scrolls of immolation {unknown}
Potions
 h - 2 potions of magic
 l - 3 potions of mutation {unknown}
 o - 2 potions of flight {unknown}


   Skills:
 - Level 3.0 Fighting
 + Level 10.9 Long Blades
 - Level 2.4 Armour
 - Level 9.0 Shields


You had 6 spell levels left.
You didn't know any spells.
Your spell library was empty.

Dungeon Overview and Level Annotations

Branches:
Dungeon (1/1)

Altars:
Dithmenos
Okawaru
Trog
Uskayaw
Wu Jian
Beogh


Innate Abilities, Weirdness & Mutations

Your serpentine skin is tough. (AC +2)
You have supernaturally acute eyesight. (SInv)
Armour fits poorly on your strangely shaped body.
Your system is resistant to poisons. (rPois)
You cover ground very slowly.
You can spit poison.
You have a snake-like lower body.


Message History

The necrophage moves out of view.
Found an encrusted glass wand.
Found a shadowy altar of Dithmenos.
You closely miss the necromancer. You closely miss the necromancer.
The necromancer mumbles some strange words.
The necromancer binds the souls of nearby monsters.
You slash the necromancer!
You kill the necromancer!
Okawaru accepts your kill.
You slice the necrophage!!
The necrophage is severely damaged.
You block the necrophage's attack.
You slash the necrophage!
The necrophage is almost destroyed.
You hit the necrophage.
You destroy the necrophage!
Okawaru is honoured by your kill.
Training target 9.0 for Shields reached!
Your Shields skill increases to level 9!
You have reached level 7!
Unknown command.
You open the door.
A jelly comes into view.
The jelly quivers.
A shadow comes into view.
There is an open door here.
The shadow barely misses you.
You riposte.
You hit the shadow.
The shadow is moderately damaged.
You slash the shadow!
The shadow is almost destroyed.
The shadow hits you!
* * * LOW HITPOINT WARNING * * *
You barely miss the shadow.
The shadow is almost destroyed.
The shadow hits you.
* * * LOW HITPOINT WARNING * * *
The jelly hits you.
* * * LOW HITPOINT WARNING * * *
You are splashed with acid!
You die...

▓▓▓ # ##.# ######
#####..# #___#_
.#..#..# #__.#/
.#..#..###+#'###)##
.##'#..#..........#
.###...).⌠........#
####...#...######'#
###....#.⌠.# #W@.#
##.....#...# #.J.#
#......#+### #...#
.#.....# #...+
###....# +...#
▓▓▓▓▓▓ ▓▓▓▓▓


You could see a shadow and a jelly.

Vanquished Creatures
  A necrophage (D)
  A water elemental (D)
  Jessica (D)
  A necromancer (D)
  3 humans (D)
  A phantom (D)
  An endoplasm (D)
  2 rats (D)
11 creatures vanquished.

Vanquished Creatures (others)
  2 plants (D)
2 creatures vanquished.

Grand Total: 13 creatures vanquished

Notes
Turn   | Place    | Note
-------+----------+-------------------------------------------
     0 | D        | MikeHunt the Naga Fighter began the quest for the Orb.
     0 | D        | Reached XP level 1. HP: 21/21 MP: 1/1
    79 | D        | Noticed Jessica
    88 | D        | Killed Jessica
    89 | D        | Reached skill level 4 in Long Blades
    89 | D        | Reached XP level 2. HP: 28/28 MP: 2/2
    89 | D        | Reached XP level 3. HP: 34/34 MP: 3/3
   123 | D        | Reached skill level 5 in Long Blades
   431 | D        | Noticed a water elemental
   440 | D        | Killed a water elemental
   441 | D        | Reached skill level 6 in Long Blades
   441 | D        | Reached XP level 4. HP: 17/42 MP: 4/4
   659 | D        | Found a hide-covered altar of Uskayaw.
   659 | D        | Found an iron altar of Okawaru.
   660 | D        | Found a bloodstained altar of Trog.
   660 | D        | Found an ornate altar of the Wu Jian Council.
   660 | D        | Noticed a human
   660 | D        | Noticed a human
   668 | D        | Killed a human
   669 | D        | Reached skill level 8 in Long Blades
   669 | D        | Reached XP level 5. HP: 28/49 MP: 5/5
   669 | D        | Reached XP level 6. HP: 32/56 MP: 6/6
   678 | D        | Killed a human
   679 | D        | Reached skill level 10 in Long Blades
   687 | D        | Became a worshipper of Warmaster Okawaru
   697 | D        | Found a shadowy altar of Dithmenos.
   697 | D        | Noticed a necrophage
   704 | D        | Killed a necrophage
   705 | D        | Reached XP level 7. HP: 27/62 MP: 7/7
   707 | D        | Noticed a shadow
   710 | D        | Splashed by a jelly's acid

Illustrated notes

Levels and vault maps discovered:
D:        dungeon_sprint_mu [sprint_mu_entry_cave, sprint_mu_temple_rooms,
          sprint_mu_d1_spiders, sprint_mu_d2_genie, sprint_mu_d3_branching,
          sprint_mu_orc_legion, sprint_mu_elf_gauntlet, sprint_mu_hive_nellie,
          sprint_mu_lair_fedhas, sprint_mu_vaults_butterflies,
          sprint_mu_slime_circle, sprint_mu_swamp_cave, sprint_mu_snake_twists,
          sprint_mu_blade_basic, sprint_mu_crypt_lich, sprint_mu_tomb_spiral,
          sprint_mu_vestibule_basic, sprint_mu_gehenna_hellfire,
          sprint_mu_dis_giant, sprint_mu_tartarus_statrot,
          sprint_mu_cocytus_islands, sprint_mu_zot1]

Skill      XL: |  1  2  3  4  5  6 |
---------------+-------------------+-----
Long Blades    | 4 6 8 10 | 10.9
Shields        | 4 6 7 9 |  9.0
Fighting       | |  3.0
Armour         | |  2.4

Action                   |  1- 3 |  4- 6 |  7- 9 || total
-------------------------+-------+-------+-------++-------
Melee: Long sword        |    33 |    18 |     2 ||    53
 Abil: Spit Poison       |     6 |     1 |       ||     7
  Use: Potion            |     1 |     5 |       ||     6
       Scroll            |       |     1 |       ||     1
Armor: Scale mail        |     1 |     1 |       ||     2
Dodge: Dodged            |    11 |     3 |     1 ||    15
Block: Kite shield       |    14 |     6 |       ||    20
       Rpst.: Long sword |     7 |     1 |     1 ||     9

Table legend: (Time is in decaauts)
 A = Elapsed time spent in this place.
 B = Non-inter-level travel time spent in this place.
 C = Inter-level travel time spent in this place.
 D = Time resting spent in this place.
 E = Time spent auto-exploring this place.
 F = Levels seen in this place.
 G = Mean time per level.
                   A        B        C        D        E       F      G
               +--------+--------+--------+--------+--------+-----+--------+
         Total |    758 |    758 |      0 |    537 |      0 |   1 |  758.0 |
       Dungeon |    758 |    758 |      0 |    537 |      0 |   1 |  758.0 |
               +--------+--------+--------+--------+--------+-----+--------+

Top non-repeatable levels by time:
       D: 758 daAuts
